 Dungeon Crawl Stone Soup version 0.28-a0-863-g8cecda6153 (webtiles) character file.

Game seed: 470016672123597387

149 sanka the Chopper (level 5, 0/43 HPs)
             Began as a Palentonga Abyssal Knight on Nov 19, 2021.
             Was a Believer of Lugonu.
             Slain by a gnoll (11 damage)
             ... on level 2 of the Dungeon.
             The game lasted 00:05:13 (2677 turns).

sanka the Chopper (Palentonga Abyssal Knight)       Turns: 2677, Time: 00:05:14

Health: 0/43       AC:  4    Str: 17    XL:     5   Next: 9%
Magic:  6/6        EV:  9    Int: 10    God:    Lugonu [**....]
Gold:   67         SH:  0    Dex: 11    Spells: 4/4 levels left

rFire   . . .      SeeInvis +   a - +1 hand axe
rCold   . . .      Faith    .   (no shield)
rNeg    . . .      Spirit   .   b - +0 leather armour
rPois   .          Reflect  .   (no helmet)
rElec   .          Harm     .   (no cloak)
rCorr   +          Rampage  .   (no gloves)
Will    .....                   (no barding)
Stlth   +.........              (no amulet)
HPRegen 0.14/turn               (no ring)
MPRegen 0.10/turn               g - ring of resist corrosion

@: no status effects
A: large, rugged brown scales 3, see invisible, deformed body, roll 1, armoured
tail
a: Rolling Charge, Renounce Religion, Depart the Abyss, Bend Space


You were on level 2 of the Dungeon.
You worshipped Lugonu.
Lugonu was pleased with you.
You visited 1 branch of the dungeon, and saw 2 of its levels.
You visited the Abyss 1 time.

You collected 67 gold pieces.


Innate Abilities, Weirdness & Mutations

You are completely covered in rugged brown scales. (AC +3, +7% HP)
You have supernaturally acute eyesight. (SInv)
Armour fits poorly on your strangely shaped body.
You can roll at nearby foes to attack.
You have a long armoured tail.


   Skills:
 - Level 3.0 Fighting
 + Level 5.3 Axes
 - Level 1.5 Armour
 - Level 0.7 Dodging
 - Level 2.0 Invocations


You had 4 spell levels left.
You didn't know any spells.
Your spell library contained the following spells:

 Spells                   Type           Power      Damage    Failure   Level
 Foxfire                  Conj/Fire      0%         2x1d4     41%         1
 Slow                     Hex            0%         N/A       41%         1
 Confusing Touch          Hex            0%         N/A       80%         3
 Conjure Flame            Conj/Fire      0%         6-21      80%         3
 Inner Flame              Hex/Fire       0%         N/A       80%         3
 Flame Wave               Conj/Fire      0%         3d3       99%         4
 Yara's Violent Unravell  Hex/Tmut       0%         3d3       100%        5

Inventory:

Hand Weapons
 a - a +1 hand axe (weapon)
Armour
 b - a +0 leather armour (worn)
Magical Staves
 e - a staff of earth
Jewellery
 g - a ring of resist corrosion (right hand)
Wands
 o - a wand of iceblast (10)
Scrolls
 c - 2 scrolls of noise {unknown}
 h - 2 scrolls of teleportation {@r4}
 l - a scroll of immolation {unknown}
 m - a scroll of enchant weapon {unknown}
 q - a scroll of amnesia {unknown}
 r - a scroll of fear {unknown}
Potions
 d - a potion of invisibility {unknown}
 f - 2 potions of might {unknown}
 i - a potion of attraction {unknown}
 j - a potion of heal wounds {unknown}
 k - 2 potions of curing {unknown}
 n - a potion of berserk rage {unknown}
 p - a potion of haste {unknown}

Dungeon Overview and Level Annotations

Branches:
Dungeon (2/15)

Altars:
Uskayaw

░░,,,▒...▒░ ░,,,,,░÷,░░░
░░,,,,.....▒░ ░,,,,,),,',░ ░
░,,,,,......░░░,,,,,░),░,▒▒▒▒
░,,,,,.>....,,░,,,,,░░░░..▒..
░,,,,,,.....▒▒▒▒(,,▒▒▒ ░....░
░░,,,,,........▒▒▒▒▒.▒▒▒..▒░░
░░,,,░,,,░▒......▒▒..▒...▒▒░
░░░░░░░░▒▒...▒▒...▒.......,
▒▒▒▒▒▒.H.▒▒▒▒▒..▒.▒░░░,,
░▒.....g....▒ ▒▒...▒▒ ░░,
░░░░..▒▒▒......▒▒▒▒▒▒..▒▒ ░░
░,,,,░▒▒..▒.............▒▒▒▒
░,░░░░▒..▒▒.....▒▒▒▒▒▒▒.....
▒.▒▒▒▒▒.▒░▒.....▒ ▒▒▒...▒▒
▒.....>.▒▒▒....▒▒▒▒▒▒.......
░░░░▒▒...................▒▒.
▒▒..▒▒▒...).▒▒▒▒.........


You could see a gnoll.


Message History

The gnoll barely misses you.
You hit the gnoll.
You kill the gnoll!
Lugonu accepts your kill.
No target in view!
You climb downwards.
The gnoll hits you with a +0 flail! The gnoll hits you with a +0 flail!
There is a stone staircase leading up here.
Unknown command.
You hit the gnoll.
The gnoll is moderately wounded.
The gnoll closely misses you.
You barely miss the gnoll.
Your tail-slap misses the gnoll.
The gnoll is moderately wounded.
The gnoll barely misses you.
You completely miss the gnoll.
Your tail-slap misses the gnoll.
The gnoll is moderately wounded.
The gnoll hits you with a +0 flail!
* * * LOW HITPOINT WARNING * * *
You hit the gnoll.
You tail-slap the gnoll, but do no damage.
The gnoll is severely wounded.
The gnoll closely misses you.
You closely miss the gnoll.
The gnoll is severely wounded.
The gnoll hits you with a +0 flail!
You die...

Action                   |  1- 3 |  4- 6 || total
-------------------------+-------+-------++-------
Melee: Hand axe          |    69 |    96 ||   165
       Tailslap          |    10 |    21 ||    31
 Abil: Rolling Charge    |     2 |     4 ||     6
  Use: Scroll            |       |     1 ||     1
Armor: Leather armour    |    62 |    15 ||    77
Dodge: Dodged            |    49 |    28 ||    77

Levels and vault maps discovered:
D:1:      onia_arrival_handbag, layout_basic, minmay_tall_x
D:2:      kennysheep_the_goblin_king, layout_rooms,
          shapermc_ecumenical_altar_flowoftime, basic_altar,
          minmay_goblin_kobold_house

Notes
Turn   | Place    | Note
-------+----------+-------------------------------------------
     0 | Abyss:1  | sanka the Palentonga Abyssal Knight began the quest for the
                  | Orb.
     0 | Abyss:1  | Reached XP level 1. HP: 19/19 MP: 2/2
   196 | Abyss:1  | Noticed a quasit
   204 | Abyss:1  | Reached XP level 2. HP: 24/25 MP: 3/3
   234 | Abyss:1  | Reached skill level 3 in Axes
   234 | Abyss:1  | Reached XP level 3. HP: 10/31 MP: 4/4
   238 | D:1      | Escaped the Abyss
   552 | D:1      | Reached skill level 4 in Axes
   935 | D:1      | Reached XP level 4. HP: 36/37 MP: 5/5
  1442 | D:2      | Noticed Ijyb
  1471 | D:2      | Killed Ijyb
  1472 | D:2      | Reached skill level 5 in Axes
  1728 | D:2      | Found a hide-covered altar of Uskayaw.
  2241 | D:2      | Reached ** piety under Lugonu
  2248 | D:2      | Reached XP level 5. HP: 39/43 MP: 6/6
  2371 | D:2      | Found a faded altar of an unknown god.
  2618 | D:2      | Found a faded altar of an unknown god.
  2625 | D:2      | Found a hide-covered altar of Uskayaw.
  2677 | D:2      | Slain by a gnoll

Vanquished Creatures
  A quasit (Abyss:1)
  Ijyb (D:2)
  A gnoll (D:1)
  An adder (D:2)
  A white imp (Abyss:1)
  An ufetubus (Abyss:1)
  A worm (D:2)
  A dart slug (D:2)
  2 endoplasms (D:1)
  2 giant cockroaches
  10 hobgoblins
  4 jackals (D:1)
  2 kobolds
  A quokka (D:1)
  6 ball pythons
  3 bats
  A frilled lizard (D:1)
  9 goblins
  6 rats
54 creatures vanquished.

Vanquished Creatures (others)
  A goblin (D:2)
  7 plants (D:2)
  9 withered plants (D:2)
17 creatures vanquished.

Grand Total: 71 creatures vanquished
